 Dungeon Crawl Stone Soup version 0.18-a0-1323-g706dcef (webtiles) character file.

112 ololoev the Magician (level 4, -8/24 HPs)
             Began as a Deep Elf Fire Elementalist on Feb 15, 2016.
             Mangled by a gnoll
             ... wielding a +0 whip
              (9 damage)
             ... on level 5 of the Dungeon.
             The game lasted 00:10:54 (1606 turns).

ololoev the Magician (Deep Elf Fire Elementalist)   Turns: 1606, Time: 00:10:54

Health: -8/24      AC:  3    Str:  5    XL:     4   Next: 63%
Magic:  10/12      EV: 13    Int: 21    God:
Gold:   24         SH:  0    Dex: 15    Spells: 4 memorised, 0 levels left

rFire  . . .     SeeInvis .     o - -2 trident (curse)
rCold  . . .     Gourm    .     a - +0 robe
rNeg   . . .     Faith    .     (no shield)
rPois  .         Spirit   .     (no helmet)
rElec  .         Dismiss  .     (no cloak)
rCorr  .         Reflect  .     h - +0 pair of gloves
SustAt .         Harm     .     (no boots)
MR     .....                    (no amulet)
Stlth  ++........               (no ring)
                                (no ring)

@: very slightly contaminated, not resistant to hostile enchantments, unstealthy
A: screaming 1
a: no special abilities


Innate Abilities, Weirdness & Mutations

You occasionally shout uncontrollably at your foes.

Inventory:

Hand Weapons
 o - a cursed -2 trident (weapon)
Armour
 a - a +0 robe (worn)
 h - a +0 pair of gloves (worn)
Scrolls
 d - 2 scrolls of enchant weapon {unknown}
 f - a scroll of magic mapping
 j - a scroll of fear {unknown}
Potions
 e - 3 potions of curing
Books
 b - a book of Flames

   Spells                             Type                      Level
   a - Flame Tongue                   Conjuration/Fire             1
   b - Throw Flame                    Conjuration/Fire             2
   c - Conjure Flame                  Conjuration/Fire             3
   d - Inner Flame                    Hexes/Fire                   3
   e - Sticky Flame                   Conjuration/Fire             4
   f - Fireball                       Conjuration/Fire             5
Comestibles
 c - 2 bread rations
 k - 2 meat rations
 l - a beef jerky


   Skills:
 - Level 2.4 Dodging
 - Level 2.4 Stealth
 + Level 4.2 Spellcasting
 * Level 3.7 Conjurations
 + Level 3.9 Fire Magic


You couldn't memorise any spells.
You knew the following spells:

 Your Spells              Type           Power        Failure   Level  Hunger
a - Flame Tongue          Conj/Fire      ###..        2%          1    None
b - Conjure Flame         Conj/Fire      ###.....     10%         3    ###....
c - Sticky Flame          Conj/Fire      ###.....     28%         4    ####...
e - Inner Flame           Hex/Fire       ##......     17%         3    ###....


You were on level 5 of the Dungeon.
You were not hungry.

You visited 1 branch of the dungeon, and saw 5 of its levels.

You collected 50 gold pieces.
You spent 26 gold pieces at shops.

***##### **,,,...#
******#.#############***##****
***_***#......@ggg...#*,.g,,,,,
*8,,,8*#......gg####.##.####***
**,,,,,*#.......gg....(...!.#
*8,,,,,8#.######............#
**,,,,,*#.# ###.##....#..#
*8,,,8*#.# #.####.##,.#
**,,,,,*#.# #.# *.#*,,*
*8,,,,,8#.# *,# *.#*,,*
**,,,,,*#.## *,* *..*,,*

Notes
Turn   | Place    | Note
--------------------------------------------------------------
     0 | D:1      | ololoev the Deep Elf Fire Elementalist began the quest for the Orb.
     0 | D:1      | Reached XP level 1. HP: 10/10 MP: 6/6
   164 | D:1      | Reached XP level 2. HP: 12/15 MP: 2/8
   433 | D:2      | Noticed Terence
   474 | D:2      | Killed Terence
   474 | D:2      | Reached XP level 3. HP: 1/19 MP: 0/10
   506 | D:2      | Learned a level 3 spell: Conjure Flame
   510 | D:2      | Learned a level 3 spell: Inner Flame
   532 | D:2      | Found a white marble altar of Elyvilon.
   741 | D:3      | Reached skill level 4 in Spellcasting
   828 | D:2      | Reached XP level 4. HP: 24/24 MP: 4/12
   834 | D:2      | Learned a level 4 spell: Sticky Flame
   925 | D:5      | Entered Level 5 of the Dungeon
  1203 | D:4      | Found Jaoboir's Food Emporium.
  1375 | D:4      | Found a sacrificial altar of Ru.
  1446 | D:4      | Found a burning altar of Makhleb.
  1557 | D:5      | Found Bicer's Magic Scroll Boutique.
  1565 | D:5      | Bought a scroll of identify for 26 gold pieces
  1593 | D:5      | Gained mutation: Your mind is acute. (Int +2) [potion of mutation]
  1593 | D:5      | Gained mutation: You occasionally shout uncontrollably at your foes. [potion of mutation]
  1593 | D:5      | Lost mutation: Your mind is acute. (Int +2) [potion of mutation]
  1606 | D:5      | HP: 1/24 [gnoll/spear (8)]
  1606 | D:5      | Mangled by a gnoll

Dungeon Overview and Level Annotations

Branches:
Dungeon (5/15)
 Temple: D:4-7

Altars:
Elyvilon
Makhleb
Ru

Shops:
D:4 %   D:5 ?


Message History

The gnoll shouts!
The gnoll barely misses you. The gnoll shaman barely misses you.
You bump into the rock wall.
The gnoll hits you with a club! The gnoll shaman closely misses you.
The gnoll closely misses you.
You miss the gnoll.
The gnoll's inner flame fades away.
The gnoll closely misses you.
The gnoll shaman utters an invocation to its god.
The gnoll shaman is healed somewhat.
A gnoll comes into view. It is wielding a spear.
The gnoll barely misses you.
You bump into the rock wall.
The gnoll hits you with a club.
You're too confused to move!
You feel less invigorated.
You feel less confused. The gnoll barely misses you.
The gnoll completely misses you. The gnoll shaman completely misses you.
A gnoll comes into view. It is wielding a spear.
You shout at the gnoll!
Casting: Flame Tongue
Confirm with . or Enter, or press ? or * to list all spells.
Aiming: Flame Tongue
Press: ? - help, Shift-Dir - straight line, f - gnoll shaman, p - gnoll
Aim: a gnoll shaman, wielding a club and wearing a leather armour (heavily wounded, inner flame)
The flame tongue hits the gnoll shaman.
The gnoll shaman is severely wounded.
The gnoll shouts!
The gnoll is no longer moving quickly.
The gnoll hits you but does no damage.
The gnoll hits you from afar with a spear.
The gnoll barely misses you. The gnoll hits you with a whip.
The gnoll shaman hits you with a club.
Casting: Flame Tongue
Confirm with . or Enter, or press ? or * to list all spells.
Aiming: Flame Tongue
Press: ? - help, Shift-Dir - straight line, f/p - gnoll shaman
Aim: a gnoll shaman, wielding a club and wearing a leather armour (severely wounded, inner flame)
The flame tongue hits the gnoll shaman.
The gnoll shaman is almost dead.
The gnoll hits you from afar with a spear!
The gnoll hits you with a whip!
You die...

You could see a gnoll shaman (inner flame) and 6 gnolls.

Vanquished Creatures
  Terence (D:2)
  A worker ant (D:5)
  An adder (D:2)
  An adder skeleton (D:4)
  A giant gecko (D:5)
  3 orcs (D:4)
  4 giant cockroaches
  2 hobgoblins
  7 jackals
  7 kobolds
  2 quokkas
  3 bats
  3 giant newts
  6 goblins
  3 rats (D:1)
45 creatures vanquished.

Action                   |  1- 3 |  4- 6 || total
-------------------------+-------+-------++-------
Melee: Unarmed           |     1 |       ||     1
       Trident           |       |     4 ||     4
 Cast: Flame Tongue      |    62 |    26 ||    88
       Conjure Flame     |       |     3 ||     3
       Inner Flame       |       |     3 ||     3
  Use: Scroll            |       |     5 ||     5
       Potion            |       |     2 ||     2
  Eat: Chunk             |       |     2 ||     2

Vault maps used:
D:1:      onia_arrival_handbag, minmay_misc_feat_secret_circle
D:2:      gammafunk_temple_overflow_pools, grunt_ministairs_2, elyvilon_altar_1,
          uniq_terence
D:3:      marbit_many_paths, first_bread, kennysheep_boxes, uniq_natasha,
          uniq_iyjb
D:4:      kennysheep_little_box, bloody_makhleb, serial_glass, glass_columns_c,
          glass_columns_a, serial_shops, nicolae_shop_crystal
D:5:      nicolae_overflow_hidden_temple, serial_shops, shop, st_stairs_4,
          hangedman_decor_peaks_small, hangedman_abyss_or_decor_passed
